 Dungeon Crawl Stone Soup version 0.30.0-5-g1a98f26d00 (webtiles) character file.

Game seed: 7668677515919737240

137 Leibowitz the Covered (level 5, -3/46 HPs)
             Began as a Minotaur Fighter on May 9, 2023.
             Slain by Sigmund
             ... wielding a +2 scythe of venom
              (10 damage)
             ... on level 3 of the Dungeon.
             The game lasted 00:04:13 (2204 turns).

Leibowitz the Covered (Minotaur Fighter)            Turns: 2204, Time: 00:04:14

Health: -3/46      AC:  9    Str: 23    XL:     5   Next: 0%
Magic:  4/4        EV:  8    Int:  5    God:
Gold:   169        SH:  4    Dex:  9    Spells: 4/4 levels left

rFire   . . .        a - +0 war axe
rCold   . . .        c - +0 buckler
rNeg    . . .        l - +0 chain mail
rPois   .            (helmet restricted)
rElec   .            (no cloak)
rCorr   .            (no gloves)
SInv    .            (no boots)
Will    .....        (no amulet) Stlth
                     k - +4 ring of slaying
HPRegen 0.27/turn    (no ring)
MPRegen 0.09/turn

%: no passive effects
@: lethally poisoned (-3 -> -14)
A: horns 2, retaliatory headbutt
a: no special abilities


You were on level 3 of the Dungeon.
You visited 1 branch of the dungeon, and saw 3 of its levels.

You collected 169 gold pieces.

Inventory:

Hand Weapons
 a - a +0 war axe (weapon)
Armour
 c - a +0 buckler (worn)
 l - a +0 chain mail (worn)
Jewellery
 k - a +4 ring of slaying (left hand)
Scrolls
 b - a scroll of fear {unknown}
 e - a scroll of brand weapon {unknown}
 f - a scroll of enchant weapon {unknown}
 g - 4 scrolls of identify {unknown}
 h - a scroll of acquirement {unknown}
 i - a scroll of noise {unknown}
 j - 2 scrolls of teleportation {unknown}
 o - a scroll of fog {unknown}
Potions
 d - a potion of might
 m - a potion of magic {unknown}
 n - a potion of ambrosia {unknown}


   Skills:
 * Level 4.3 Fighting
 * Level 4.1 Axes
 * Level 4.5 Armour
 * Level 1.3 Dodging
 * Level 4.4 Shields


You had 4 spell levels left.
You didn't know any spells.
Your spell library contained the following spells:

 Spells                   Type           Power      Damage    Failure   Level
 Poisonous Vapours        Pois/Air       0%         N/A       99%         2
 Mephitic Cloud           Conj/Pois/Air  0%         N/A       100%        3
 Freezing Cloud           Conj/Ice/Air   0%         6-21      100%        5


Dungeon Overview and Level Annotations

Branches:
Dungeon (3/15)

Altars:

Annotations:
D:3 Sigmund


Innate Abilities, Weirdness & Mutations

You have a pair of horns on your head.
You reflexively headbutt those who attack you in melee.


Message History

You barely miss the giant cockroach.
You feel sick.
The giant cockroach bites you but does no damage.
The ball python barely misses you. The ball python grabs you.
The ball python constricts you. Something hits you!
The giant cockroach bites you but does no damage.
The ball python barely misses you. The ball python constricts you.
You barely miss something. You headbutt something.
You barely miss the ball python. You closely miss the giant cockroach.
You feel sick. Something hits you but does no damage.
You are more poisoned.
The giant cockroach bites you but does no damage.
The ball python bites you but does no damage.
The ball python constricts you.
You barely miss something. You completely miss the ball python.
You closely miss the giant cockroach.
You feel very sick.
The giant cockroach bites you but does no damage.
The ball python barely misses you. The ball python constricts you.
You block something's attack.
The giant cockroach bites you but does no damage.
The ball python bites you but does no damage.
The ball python constricts you.
Unknown command.
You closely miss something. You slash the ball python!
You kill the ball python!
You hit the giant cockroach.
You feel very sick. You block the giant cockroach's attack.
Something hits you but does no damage.
You are lethally poisoned!
You have reached level 5!
You slash something! Your headbutt misses something.
You closely miss the giant cockroach.
* * * LOW HITPOINT WARNING * * *
You feel very sick.
The giant cockroach bites you but does no damage.
The giant cockroach closely misses you. You furiously retaliate!
You headbutt the giant cockroach.
You kill the giant cockroach!
Something hits you!
You die...

####...)....... .$
+........... ###.
#........... ##....
+........... ......
#...........
......#######........###
.....................#
......{..............##
.......@..............#
<......†.!............##
........................
........................
######..................
#..................
#..................
#########..........
##......>...


There were no monsters in sight!

Vanquished Creatures
  Natasha (D:2)
  3 gnolls (D:3)
  An adder (D:3)
  5 dart slugs
  2 orcs (D:3)
  5 ball pythons
  5 bats (D:1)
  7 endoplasms
  3 giant cockroaches
  A goblin (D:1)
  5 hobgoblins
  3 jackals (D:1)
  5 kobolds
  4 quokkas
  3 frilled lizards
  7 rats
60 creatures vanquished.

Notes
Turn   | Place    | Note
-------+----------+-------------------------------------------
     0 | D:1      | Leibowitz the Minotaur Fighter began the quest for the Orb.
     0 | D:1      | Reached XP level 1. HP: 19/19 MP: 0/0
   101 | D:1      | Reached XP level 2. HP: 26/27 MP: 1/1
   397 | D:1      | Reached XP level 3. HP: 33/33 MP: 2/2
   401 | D:1      | Found a faded altar of an unknown god.
  1465 | D:2      | Reached skill level 1 in Dodging
  1637 | D:2      | Noticed Natasha
  1641 | D:2      | Killed Natasha
  1642 | D:2      | Reached XP level 4. HP: 40/40 MP: 3/3
  2195 | D:3      | Noticed Sigmund
  2204 | D:3      | Reached XP level 5. HP: 11/46 MP: 4/4
  2204 | D:3      | Slain by Sigmund

Illustrated notes

Levels and vault maps discovered:
D:1:      nagdon_arrival_zigzag_paths, layout_basic,
          ebering_ecumenical_altar_abandoned, chequers_mini_garden,
          minmay_misc_feat_columns
D:2:      layout_loops_corners, serial_glass, glass_columns_a, glass_columns_b,
          st_stairs_12, uniq_natasha
D:3:      layout_basic, uniq_sigmund

Skill      XL: |  1  2  3  4 |
---------------+-------------+-----
Armour         | 4 |  4.5
Shields        | 4 |  4.4
Fighting       | 4 |  4.3
Axes           | 3 4 |  4.1
Dodging        | 1 |  1.3

Action                     |  1- 3 |  4- 6 || total
---------------------------+-------+-------++-------
  Melee: War axe           |    59 |    30 ||    89
         Headbutt          |    11 |     1 ||    12
 Armour: Scale mail        |    19 |       ||    19
         Chain mail        |    10 |    22 ||    32
  Dodge: Dodged            |    32 |    15 ||    47
  Block: Buckler           |     7 |     7 ||    14
